 Dungeon Crawl Stone Soup version 0.19.0 (webtiles) character file.

340 CanadianGator the Shield-Bearer (level 6, -2/42 HPs)
             Began as an Octopode Fighter on Nov 22, 2016.
             Slain by an orc
             ... wielding a +0 club
              (7 damage)
             ... on level 3 of the Dungeon.
             The game lasted 00:06:06 (2395 turns).

CanadianGator the Shield-Bearer (Octopode Fighter)  Turns: 2395, Time: 00:06:07

Health: -2/42      AC:  1    Str: 15    XL:     6   Next: 56%
Magic:  6/6        EV: 13    Int: 10    God:
Gold:   65         SH:  9    Dex: 14    Spells: 0 memorised, 5 levels left

rFire  . . .     SeeInvis .       - Unarmed
rCold  + . .     Gourm    .     a - +0 shield
rNeg   . . .     Faith    .     (helmet restricted)
rPois  .         Spirit   .     (no amulet)
rElec  .         Reflect  .     e - ring of protection from cold
rCorr  .         Harm     .     j - ring of protection from magic
MR     +....                    (no ring)
Stlth  +++.......               (no ring)
                                (no ring)
                                (no ring)
                                (no ring)
                                (no ring)

@: no status effects
A: almost no armour, stealthy swim, amphibious, 8 rings, constrict 8, camouflage
1, gelatinous body 1
a: no special abilities


You were on level 3 of the Dungeon.
You were hungry.

You visited 1 branch of the dungeon, and saw 3 of its levels.

You collected 65 gold pieces.

Inventory:

Armour
 a - a +0 shield (worn)
Jewellery
 e - a ring of protection from cold (left tentacle)
 j - a ring of protection from magic (right tentacle)
Scrolls
 g - a scroll of fog {unknown}
 h - 2 scrolls of fear {unknown}
 i - 2 scrolls of identify {unknown}
 k - a scroll of teleportation {unknown}
Potions
 d - 2 potions of brilliance {unknown}
 l - 2 potions of haste {unknown}
Comestibles
 c - a bread ration
 f - a royal jelly
 m - 2 beef jerkies
 n - 2 meat rations


   Skills:
 + Level 3.6 Fighting
 * Level 4.3 Dodging
 + Level 3.1 Stealth
 * Level 4.5 Shields
 * Level 3.6 Unarmed Combat


You had 5 spell levels left.
You didn't know any spells.

Dungeon Overview and Level Annotations

Branches:
Dungeon (3/15)

Altars:


Innate Abilities, Weirdness & Mutations

You cannot wear most types of armour.
You are very stealthy in the water. (Stealth+)
You are amphibious.
You can wear up to eight rings at the same time.
You can use your tentacles to constrict eight enemies at once.
Your skin changes colour to match your surroundings (Stealth+).
Your rubbery body absorbs attacks. (AC +1, EV +1)


Message History

The sky beast is heavily wounded.
The sky beast hits you. The sky beast shocks you.
You tentacle-slap the sky beast but do no damage.
You squeeze the sky beast!
The sky beast is almost dead.
The sky beast flickers out of sight!
Deactivating autopickup; reactivate with Ctrl-A.
Something hits you.
* * * LOW HITPOINT WARNING * * *
Something shocks you.
* * * LOW HITPOINT WARNING * * *
You barely miss something.
Your tentacle-slap misses something.
You squeeze something.
Reactivating autopickup.
Your Stealth skill increases to level 3!
You feel a bit more experienced.
You tentacle-slap the orc. You grab the orc.
The orc is heavily wounded.
You constrict the orc. The orc hits you with a club!
You die...

...#.#...#.#
#####.#^###.#.#
....... ........#
#.#.# (......
#####.### #)#.#
....... ......#
#.#.# .......
####..# #>#.#
..>.... ..#..#
#.# .......
#.#..#
#<######......$
#.#..#
#.#.).@o.......
##'#..#
#.#.####.......
......# #.#.#
....... ......#
#.#.# .......
......# #.#.#
####### ......#
#.#.#
.#.#..#####.#.#
.#.#........#.###
.#.#.######.....#


You could see an orc.

Vanquished Creatures
  The ghost of CanadianGator the Ducker, an amateur OpFi (D:3)
  A sky beast (D:3)
  4 adders
  An ooze (D:2)
  3 worms (D:2)
  A dart slug (D:1)
  2 leopard geckos
  7 orcs (D:3)
  2 giant cockroaches (D:2)
  7 goblins
  8 hobgoblins
  7 jackals
  4 kobolds (D:1)
  2 ball pythons (D:1)
  2 bats
  4 frilled lizards
  6 rats
62 creatures vanquished.

Notes
Turn   | Place    | Note
-------+----------+-------------------------------------------
     0 | D:1      | CanadianGator the Octopode Fighter began the quest for the Orb.
     0 | D:1      | Reached XP level 1. HP: 16/16 MP: 1/1
   124 | D:1      | Reached XP level 2. HP: 8/21 MP: 2/2
   620 | D:1      | Reached XP level 3. HP: 24/26 MP: 3/3
   647 | D:1      | Reached skill level 1 in Stealth
  1440 | D:2      | Reached XP level 4. HP: 20/31 MP: 4/4
  2051 | D:3      | Noticed CanadianGator's ghost (amateur OpFi)
  2066 | D:3      | Killed CanadianGator's ghost
  2066 | D:3      | Reached XP level 5. HP: 15/36 MP: 5/5
  2179 | D:3      | Reached XP level 6. HP: 21/42 MP: 6/6
  2370 | D:3      | Noticed a sky beast
  2394 | D:3      | Killed a sky beast
  2395 | D:3      | Slain by an orc

Skill      XL: |  1  2  3  4  5  6 |
---------------+-------------------+-----
Stealth        | 1 2 3 |  3.1
Dodging        | 4 |  4.3
Shields        | 4 |  4.5
Unarmed Combat | 3 |  3.6
Fighting       | |  3.6

Action                   |  1- 3 |  4- 6 || total
-------------------------+-------+-------++-------
Melee: Unarmed           |    75 |    94 ||   169
       Constrict         |    26 |    15 ||    41
       Tentacles         |    16 |    20 ||    36
       Punch             |     1 |     1 ||     2
  Use: Potion            |       |     1 ||     1
 Stab: Sleeping          |     7 |     2 ||     9
  Eat: Chunk             |     2 |     2 ||     4
Armor: Skin              |     1 |     1 ||     2
Dodge: Dodged            |    24 |    36 ||    60
Block: Shield            |    27 |    31 ||    58
